 Dungeon Crawl Stone Soup version 0.25.0-26-g0c896c7088 (webtiles) character file.

Game seed: 16486167252986892910

70858 grindst0ne the Transmogrifier (level 15, -2/120 HPs)
             Began as a Human Assassin on July 3, 2020.
             Was a Priest of Cheibriados.
             Killed from afar by a molten gargoyle (10 damage)
             ... with a bolt of magma
             ... on level 14 of the Dungeon.
             The game lasted 01:01:44 (28730 turns).

grindst0ne the Transmogrifier (Human Assassin)     Turns: 28730, Time: 01:01:44

Health: -2/120     AC: 15    Str: 23 (24) XL:     15   Next: 79%
Magic:  17/22      EV: 15    Int: 21 (22) God:    Cheibriados [***...]
Gold:   1282       SH: 13    Dex: 20 (22) Spells: 16/22 levels left

rFire    . . .     SeeInvis .   e - +0 hand axe (elec)
rCold    + . .     Gourm    .   M - +2 buckler
rNeg     . . .     Faith    .   Q - +2 chain mail {rC+}
rPois    +         Spirit   .   x - +0 helmet
rElec    +         Reflect  +   c - +0 cloak
rCorr    .         Harm     .   t - +0 pair of gloves
MR       +....                  v - +0 pair of boots
Stlth    ..........             p - amulet of reflection
HPRegen  0.30/turn              Y - +4 ring of slaying
MPRegen  0.18/turn              T - ring "Umungig" {rElec rPois}

@: very slow
A: no striking features
a: Bend Time, Temporal Distortion, Renounce Religion


You were on level 14 of the Dungeon.
You worshipped Cheibriados.
Cheibriados was most pleased with you.
You were hungry.

You visited 2 branches of the dungeon, and saw 20 of its levels.

You collected 1604 gold pieces.
You spent 322 gold pieces at shops.

Inventory:

Hand Weapons
 e - a +0 hand axe of electrocution (weapon)
Missiles
 a - a curare-tipped dart
 d - 63 poisoned darts
 B - 4 javelins
 X - 4 silver javelins (quivered)
Armour
 b - a +0 robe
 c - a +0 cloak (worn)
 q - a scarf of invisibility
 t - a +0 pair of gloves (worn)
 u - a +0 tower shield
 v - a +0 pair of boots (worn)
 x - a +0 helmet (worn)
 M - a +2 buckler (worn)
 Q - a +2 chain mail of cold resistance (worn)
Jewellery
 p - an amulet of reflection (around neck)
 r - an uncursed ring of positive energy
 G - an uncursed ring of protection from magic
 T - the ring "Umungig" (right hand) {rElec rPois}
   (You found it on level 8 of the Dungeon)

   [ring of poison resistance]

   It insulates you from electricity.
   It protects you from poison.
 Y - a +4 ring of slaying (left hand)
Wands
 l - a wand of enslavement (7)
 z - a wand of acid (8)
 E - a wand of digging (4)
 O - a wand of flame (1)
 P - a wand of polymorph (47)
 V - a wand of paralysis (4)
Scrolls
 g - 5 scrolls of fear
 j - 3 scrolls of enchant armour
 k - 2 scrolls of fog
 m - 8 scrolls of remove curse
 n - 5 scrolls of amnesia
 o - a scroll of torment
 s - 7 scrolls of enchant weapon
 y - a scroll of teleportation
 H - a scroll of identify
 I - 2 scrolls of blinking
 J - 4 scrolls of magic mapping
 S - 4 scrolls of brand weapon
 U - 7 scrolls of immolation
Potions
 h - 2 potions of brilliance
 w - 4 potions of mutation
 A - a potion of curing
 C - a potion of magic
 D - 3 potions of flight
 F - 2 potions of lignification
 N - a potion of stabbing
Miscellaneous
 i - a tin of tremorstones (inert)
Comestibles
 f - 50 rations
 L - 4 chunks of flesh


   Skills:
 + Level 11.7 Fighting
   Level 2.0 Short Blades
 + Level 11.0 Axes
 - Level 2.0 Throwing
 - Level 3.6 Armour
 + Level 11.0 Dodging
 - Level 4.0 Stealth
 - Level 4.0 Shields
 - Level 4.0 Spellcasting
 * Level 14.3 Transmutations
 + Level 10.1 Invocations


You had 16 spell levels left.
You knew the following spells:

 Your Spells              Type           Power        Failure   Level  Hunger
a - Statue Form           Tmut/Erth      ####.....    100%        6    #######

Your spell library contained the following spells:

 Spells                   Type           Power        Failure   Level  Hunger
 Hydra Form               Tmut           ######....   36%         6    #######
 Animate Skeleton         Necr           N/A          67%         1    None
 Pain                     Necr           #...         67%         1    None
 Irradiate                Conj/Tmut      ####......   80%         5    ######.
 Dragon Form              Tmut           ######....   91%         7    #######
 Confusing Touch          Hex            #.......     95%         3    ###....
 Inner Flame              Hex/Fire       #.......     95%         3    ###....
 Vampiric Draining        Necr           #.........   95%         3    ###....
 Animate Dead             Necr           N/A          100%        4    ####...
 Leda's Liquefaction      Hex/Erth       #.........   100%        4    ####...
 Summon Ice Beast         Ice/Summ       #.......     100%        4    ####...
 Agony                    Necr           #.......     100%        5    ######.
 Freezing Cloud           Conj/Ice/Air   #.........   100%        6    #######


Dungeon Overview and Level Annotations

Branches:
Dungeon (14/15) Temple (0/1) D:6 Lair (6/6) D:10 Swamp (0/4) Lair:3 Snake (0/4) Lair:4 Slime (0/5) Lair:5 Orc (0/2) D:11 Vaults (0/5) D:13 D:14

Altars:
Ashenzari
Cheibriados
Dithmenos
Elyvilon
Fedhas
Gozag
Hepliaklqana
Okawaru
Vehumet
Wu Jian
Xom

Shops:
D:8 [   D:9 [

Annotations:
D:3 3 runed translucent doors, xccam's ghost, amateur DgGl
D:13 exclusion: downstairs
D:14 Rupert
Lair:5 exclusions: 2 downstairs and 2 oklob plants


Message History

You can no longer inflict damage on those overly hasty.
Cheibriados lowers the support of your attributes as your movement quickens.
The molten gargoyle blasts magma at you!
The bolt of magma hits you!!
* * * LOW HITPOINT WARNING * * *
You feel better.
You feel better. You block the molten gargoyle's attack.
Okay, then.
You closely miss the molten gargoyle.
The molten gargoyle is severely damaged.
You hit the molten gargoyle but do no damage.
The molten gargoyle is severely damaged.
The molten gargoyle blasts magma at you!
The bolt of magma hits you!
* * * LOW HITPOINT WARNING * * *
You hit the molten gargoyle.
The molten gargoyle is severely damaged.
The molten gargoyle blasts magma at you!
The bolt of magma hits you!
You die...

.....# #.......#..
.....# .......#. .....#
.......' .#. .....#
......# .' )....# .....#
..# )(...###### #..# ..#
###.......####..###..###
#.......'............#
#.......#....#@#.#.#.#
#.......#.....#9#.#
#....[..#....#°9.≈§§...
#.......#.....#9§≈≈≈§≈.
#.......###'##.§§≈≈§≈≈.
####......... #.§§88≈≈.
'.........#..≈≈88≈§. ...
#.≈≈≈§§§≈ ..≈≈≈≈§≈.


You could see 3 molten gargoyles.

Vanquished Creatures
  Nessos (D:14)
  10 hydras
  4 centaur warriors
  A catoblepas (D:13)
  5 two-headed ogres
  Urug (Lair:6)
  4 death yaks
  A fire crab (shapeshifter) (D:12)
  6 skeletal warriors (D:13)
  4 unseen horrors
  An orc knight (D:14)
  3 ugly things
  2 cyclopes
  2 black mambas (Lair:2)
  2 gargoyles
  4 rime drakes (Lair:6)
  9 spiny frogs
  8 komodo dragons
  A torpor snail (Lair:6)
  A freezing wraith (D:13)
  A yaktaur (D:13)
  4 trolls
  5 polar bears
  A hornet (Lair:6)
  5 slime creatures (D:14)
  13 hippogriffs
  14 blink frogs
  8 dream sheep
  13 spriggans
  A shadow (D:14)
  2 vampires (D:13)
  10 wyverns
  A fire elemental (D:14)
  48 yaks
  A hungry ghost (D:8)
  14 humans
  A wraith (D:13)
  9 basilisks
  2 vampire mosquitoes (D:13)
  A steam dragon (D:12)
  A naga (Lair:4)
  10 water moccasins
  7 porcupines
  7 orc warriors
  An ice beast (D:11)
  5 black bears
  4 phantoms
  5 boggarts (Lair:6)
  5 ogres
  19 wolves (Lair:6)
  12 centaurs
  3 necrophages
  9 crocodiles
  A big kobold (D:10)
  8 bullfrogs
  3 wyvern zombies
  2 wyvern skeletons
  7 scorpions
  9 killer bees
  4 wights (D:12)
  5 howler monkeys
  10 crimson imps
  3 quasits
  2 centaur zombies
  4 jellies
  4 bullfrog skeletons
  A bullfrog zombie (D:8)
  12 orc priests
  6 centaur skeletons
  9 hounds
  2 iguanas
  Natasha (twice) (D:2)
  12 orc wizards
  12 worker ants
  3 hound skeletons
  A hound zombie (D:9)
  2 howler monkey zombies
  9 adders
  2 shadow imps
  2 oozes (D:2)
  6 worms
  2 dart slugs
  4 leopard geckos
  44 orcs
  8 bats
  7 giant cockroaches
  12 goblins
  5 hobgoblins
  2 jackals (D:7)
  7 quokkas
  7 frilled lizards
  12 kobolds
  8 rats
  A fungus (Lair:2)
  4 plants
578 creatures vanquished.

Vanquished Creatures (others)
  A molten gargoyle (D:14)
  An orc (D:12)
  14 fungi
  8 plants
24 creatures vanquished.

Grand Total: 602 creatures vanquished

Notes
Turn   | Place    | Note
-------+----------+-------------------------------------------
     0 | D:1      | grindst0ne the Human Assassin began the quest for the Orb.
     0 | D:1      | Reached XP level 1. HP: 16/16 MP: 1/1
    51 | D:1      | Reached skill level 1 in Armour
    51 | D:1      | Reached XP level 2. HP: 7/23 MP: 2/2
    66 | D:1      | HP: 1/23 [goblin (1)]
   833 | D:1      | Reached XP level 3. HP: 27/28 MP: 3/3
  1210 | D:2      | Noticed Natasha
  1230 | D:2      | HP: 1/42 [Natasha (3)]
  1232 | D:2      | Killed Natasha
  1232 | D:2      | Reached XP level 4. HP: 2/35 MP: 4/4
  1595 | D:2      | Found a blossoming altar of Fedhas.
  2326 | D:2      | Reached XP level 5. HP: 41/41 MP: 5/5
  2532 | D:2      | Noticed Natasha
  2623 | D:2      | Killed Natasha
  3055 | D:3      | Reached XP level 6. HP: 48/48 MP: 6/6
  3297 | D:3      | Found a runed translucent gate.
  3297 | D:3      | Found a runed translucent gate.
  3297 | D:3      | Found a runed translucent gate.
  3298 | D:3      | Identified the +6 short sword of the Warrior {elec, rF+++
                  | rC- MR++}
  3298 | D:3      | Noticed xccam's ghost (amateur DgGl)
  3610 | D:4      | Reached skill level 1 in Axes
  3625 | D:4      | Found a snail-covered altar of Cheibriados.
  3766 | D:4      | Became a worshipper of Cheibriados the Contemplative
  3946 | D:4      | Reached skill level 1 in Spellcasting
  4130 | D:4      | Found an iron altar of Okawaru.
  4130 | D:4      | Found an opulent altar of Gozag.
  4163 | D:4      | Noticed a phantom
  4176 | D:4      | Killed a phantom
  4176 | D:4      | Reached XP level 7. HP: 50/55 MP: 7/9
  4477 | D:4      | Reached skill level 5 in Fighting
  4645 | D:5      | Entered Level 5 of the Dungeon
  5013 | D:5      | Reached XP level 8. HP: 49/62 MP: 11/11
  5017 | D:5      | Reached * piety under Cheibriados
  5326 | D:5      | Found an ornate altar of the Wu Jian Council.
  5537 | D:5      | Found a white marble altar of Elyvilon.
  5674 | D:5      | Learned a level 6 spell: Statue Form
  5738 | D:6      | Reached skill level 1 in Transmutations
  5971 | D:5      | Found a snail-covered altar of Cheibriados.
  6042 | D:6      | Reached skill level 2 in Transmutations
  6354 | D:6      | Found a staircase to the Ecumenical Temple.
  6428 | D:6      | Found a shimmering altar of Xom.
  6428 | D:6      | Found a shimmering altar of Xom.
  6428 | D:6      | Found a shimmering altar of Xom.
  6429 | D:6      | Found a shimmering altar of Xom.
  6430 | D:6      | Found a shimmering altar of Xom.
  6430 | D:6      | Found a shimmering altar of Xom.
  6439 | D:6      | Found a shimmering altar of Xom.
  6908 | D:7      | Reached skill level 3 in Transmutations
  6909 | D:7      | Reached XP level 9. HP: 25/69 MP: 12/14
  6912 | D:7      | Reached ** piety under Cheibriados
  7448 | D:7      | Reached skill level 4 in Transmutations
  7476 | D:7      | Found a shattered altar of Ashenzari.
  8042 | D:8      | Noticed a hippogriff
  8053 | D:8      | Killed a hippogriff
  8147 | D:8      | Reached *** piety under Cheibriados
  8147 | D:8      | Reached skill level 5 in Transmutations
  8376 | D:8      | Found Zeude's Armour Shoppe.
  8383 | D:8      | Bought a +2 chain mail of cold resistance for 322 gold
                  | pieces
  8519 | D:8      | Noticed a two-headed ogre
  8526 | D:8      | Reached skill level 5 in Dodging
  8531 | D:8      | Killed a two-headed ogre
  8531 | D:8      | Reached skill level 5 in Axes
  8531 | D:8      | Reached skill level 6 in Transmutations
  8531 | D:8      | Reached XP level 10. HP: 79/79 MP: 16/16
  8632 | D:8      | Got a translucent bronze ring
  8634 | D:8      | Identified the ring "Umungig" {rElec rPois} (You found it
                  | on level 8 of the Dungeon)
  8989 | D:9      | Reached skill level 7 in Transmutations
  9012 | D:8      | Reached **** piety under Cheibriados
  9056 | D:9      | Reached skill level 1 in Invocations
  9290 | D:9      | Found Joim's Armour Shop.
  9323 | D:9      | Reached XP level 11. HP: 69/86 MP: 17/17
  9561 | D:9      | Found a radiant altar of Vehumet.
  9563 | D:9      | Found a shadowy altar of Dithmenos.
  9566 | D:9      | Found a hazy altar of Hepliaklqana.
  9848 | D:9      | Reached skill level 8 in Transmutations
 10087 | D:10     | Entered Level 10 of the Dungeon
 10247 | D:10     | Noticed a centaur warrior
 10256 | D:10     | Killed a centaur warrior
 10259 | D:10     | Reached ***** piety under Cheibriados
 10854 | D:10     | Identified Egrakh's Papyrus of Captivating Snow
 10919 | D:10     | Found a staircase to the Lair.
 10983 | D:10     | Reached skill level 9 in Transmutations
 11154 | Lair:1   | Entered Level 1 of the Lair of Beasts
 11257 | Lair:1   | Noticed a six-headed hydra
 11267 | Lair:1   | Killed a six-headed hydra
 11821 | Lair:1   | Reached XP level 12. HP: 66/94 MP: 18/18
 12557 | Lair:2   | Reached skill level 10 in Transmutations
 12557 | Lair:2   | Reached skill level 5 in Invocations
 12661 | Lair:2   | Noticed a six-headed hydra
 12666 | Lair:2   | Killed a six-headed hydra
 14154 | Lair:3   | Found a staircase to the Swamp.
 14928 | Lair:4   | Found a staircase to the Snake Pit.
 15254 | Lair:4   | Reached skill level 11 in Transmutations
 15256 | Lair:4   | Reached XP level 13. HP: 78/101 MP: 19/19
 16957 | Lair:5   | Found a staircase to the Slime Pits.
 17054 | Lair:6   | Entered Level 6 of the Lair of Beasts
 17276 | Lair:6   | Noticed a six-headed hydra
 17394 | Lair:5   | Killed a six-headed hydra
 17637 | Lair:5   | Reached skill level 10 in Fighting
 18126 | Lair:6   | Reached ****** piety under Cheibriados
 18408 | Lair:6   | Noticed Urug
 18421 | Lair:6   | Killed Urug
 18615 | Lair:6   | Reached skill level 12 in Transmutations
 18823 | Lair:6   | Noticed a seven-headed hydra
 18824 | Lair:6   | Noticed a six-headed hydra
 18830 | Lair:6   | Killed a seven-headed hydra
 18839 | Lair:6   | Killed a six-headed hydra
 18839 | Lair:6   | Reached XP level 14. HP: 26/111 MP: 20/20
 20281 | Lair:6   | Reached skill level 1 in Shields
 20772 | Lair:6   | Reached skill level 10 in Axes
 20772 | Lair:6   | Reached skill level 10 in Dodging
 20786 | Lair:6   | Reached skill level 13 in Transmutations
 22038 | D:11     | Found a staircase to the Orcish Mines.
 24183 | D:13     | Reached XP level 15. HP: 65/118 MP: 21/21
 25903 | D:13     | Reached skill level 14 in Transmutations
 26593 | D:14     | Found a gate to the Vaults.
 26593 | D:14     | Noticed Nessos
 26593 | D:14     | Noticed Rupert
 27235 | D:14     | Killed Nessos
 27357 | D:14     | Reached skill level 10 in Invocations
 27577 | D:14     | Paralysed by Rupert for 3 turns
 28730 | D:14     | Killed from afar by a molten gargoyle

Illustrated notes

Levels and vault maps discovered:
D:1:      minmay_arrival_glassed_features, layout_basic
D:2:      layout_loops_corners, nicolae_overflow_crystal_walls,
          minmay_diced_spiral, uniq_natasha
D:3:      layout_rooms, gammafunk_ghost_nasty_kobolds
D:4:      layout_loops_corners, gammafunk_temple_overflow_elements,
          first_ration, kennysheep_slug_shrine
D:5:      layout_basic, nicolae_overflow_hidden_temple, kennysheep_little_box,
          minmay_ogre_servants
D:6:      layout_basic, xom_redecorated, minmay_temple_entry_antechambers
D:7:      layout_loops_ring, marbit_many_paths
D:8:      cheibrodos_barr_body, layout_basic, serial_shops,
          nicolae_shop_temple_entry_statues_fountains, minmay_misc_feat_room
D:9:      layout_long_grid, grunt_temple_overflow_open, serial_shops,
          kennysheep_mini
D:10:     layout_long_grid, dpeg_oklobed_lair, the_bakery, serial_bayou_pond_e
D:11:     layout_loops_cross, orc_0_dummy
D:12:     layout_loops_ring, minmay_circle_x
D:13:     hangedman_cross_stitches, layout_loops_ring, serial_glass,
          glass_columns_c, glass_columns_a
D:14:     layout_gridville, david_vaults_3, minivault_8
Lair:1:   layout_hall_layers, minivault_24, serial_bayou_shore_b
Lair:2:   layout_long_grid, grunt_megastairs_3
Lair:3:   layout_hall_layers, swamp_mist
Lair:4:   layout_big_grid, guppyfry_snake_entry_garden, uniq_rupert
Lair:5:   layout_loops_ring, minmay_slime_entry_oklob_enclosed, st_stairs_10,
          lemuel_fruit_fields
Lair:6:   minmay_lair_end_enchanted_forest, layout_misc_corridors, special_room
          [special_room_mythical_zoo], grunt_megastairs_2, uniq_urug

Skill      XL: |  1  2  3  4  5  6  7  8  9 10 11 12 13 14 15 |
---------------+----------------------------------------------+-----
Armour         | 1 2 3 |  3.6
Fighting       | 3 4 5 7 8 9 10 11 | 11.7
Axes           | 1 2 3 5 6 7 8 9 10 11 | 11.0
Spellcasting   | 1 2 3 4 |  4.0
Dodging        | 2 3 4 5 6 7 8 9 10 11 | 11.0
Transmutations | 3 6 7 9 11 12 13 14 | 14.3
Invocations    | 2 4 6 7 9 10 | 10.1
Shields        | 3 4 |  4.0
Short Blades   | |  2.0
Throwing       | |  2.0
Stealth        | |  4.0

Action                   |  1- 3 |  4- 6 |  7- 9 | 10-12 | 13-15 || total
-------------------------+-------+-------+-------+-------+-------++-------
Melee: Dagger            |    82 |    58 |       |       |       ||   140
       Hand axe          |       |    82 |   323 |   533 |  1100 ||  2038
Throw: Boomerang         |       |    13 |       |       |       ||    13
       Dart              |       |    21 |     3 |       |     1 ||    25
       Throwing net      |       |       |     1 |     1 |       ||     2
       Javelin           |       |       |       |       |     7 ||     7
Invok: Slouch            |       |       |       |     2 |    20 ||    22
       Bend Time         |       |       |       |       |     2 ||     2
       Step From Time    |       |       |       |       |     1 ||     1
Evoke: Wand              |       |     2 |     3 |    16 |    59 ||    80
       Tin of tremorston |       |       |       |       |     4 ||     4
  Use: Potion            |     3 |       |     2 |       |    26 ||    31
       Scroll            |       |       |    11 |     5 |    17 ||    33
 Stab: Sleeping          |     4 |     9 |     4 |       |     3 ||    20
       Held in net/web   |       |       |     2 |       |       ||     2
       Paralysed         |       |       |       |       |    11 ||    11
       Invisible         |       |       |       |       |     1 ||     1
  Eat: Chunk             |     1 |     4 |     7 |    13 |    17 ||    42
       Ration            |       |     2 |       |     1 |     2 ||     5
Armor: Robe              |    12 |     5 |       |       |       ||    17
       Ring mail         |       |    30 |    26 |       |       ||    56
       Scale mail        |       |       |    95 |       |       ||    95
       Chain mail        |       |       |     4 |   243 |   434 ||   681
       Skin              |       |       |       |       |     8 ||     8
Dodge: Dodged            |    65 |    66 |   236 |   476 |   902 ||  1745
Block: Other             |       |       |       |       |    88 ||    88
       Reflection        |       |       |       |       |     8 ||     8
       Buckler           |       |       |       |       |   145 ||   145
